 Dungeon Crawl Stone Soup version 0.29.1-13-g9f3cf754e1 (webtiles) character file.

Game seed: 9723341836753026219

87 fleeber the Slasher (level 4, 0/33 HPs)
             Began as a Merfolk Gladiator on Jan 29, 2023.
             Slain by Sigmund
             ... wielding a +0 scythe
              (6 damage)
             ... on level 2 of the Dungeon.
             The game lasted 00:08:22 (2125 turns).

fleeber the Slasher (Merfolk Gladiator)             Turns: 2125, Time: 00:08:23

Health: 0/33       AC:  5    Str: 14    XL:     4   Next: 51%
Magic:  4/4        EV: 13    Int:  7    God:
Gold:   68         SH:  0    Dex: 17    Spells: 3/3 levels left

rFire   . . .      SeeInvis .   a - +0 long sword
rCold   + . .      Faith    .   (no shield)
rNeg    . . .      Spirit   .   b - +0 leather armour
rPois   .          Reflect  .   c - +0 helmet
rElec   .          Harm     .   (no cloak)
rCorr   +          Rampage  .   o - +0 pair of gloves
Will    .....                   (no boots)
Stlth   +.........              (no amulet)
HPRegen 0.11/turn               k - ring of resist corrosion
MPRegen 0.09/turn               m - ring of protection from cold

@: no status effects
A: (nimble swimmer 2), mertail
a: no special abilities


You were on level 2 of the Dungeon.
You visited 1 branch of the dungeon, and saw 2 of its levels.

You collected 68 gold pieces.

Inventory:

Hand Weapons
 a - a +0 long sword (weapon)
Missiles
 d - 3 throwing nets (quivered)
 e - a javelin
 f - 23 stones
Armour
 b - a +0 leather armour (worn)
 c - a +0 helmet (worn)
 o - a +0 pair of gloves (worn)
Jewellery
 k - a ring of resist corrosion (left hand)
 m - a ring of protection from cold (right hand)
Scrolls
 g - a scroll of blinking {unknown}
 i - a scroll of butterflies {unknown}
 j - a scroll of immolation {unknown}
 n - a scroll of teleportation {unknown}
 p - a scroll of identify {unknown}
 q - a scroll of amnesia {unknown}
Potions
 h - a potion of curing {unknown}
 l - a potion of haste {unknown}


   Skills:
 - Level 2.1 Fighting
 + Level 6.2 Long Blades
 - Level 2.0 Throwing
 - Level 4.0 Dodging


You had 3 spell levels left.
You didn't know any spells.
Your spell library was empty.

Dungeon Overview and Level Annotations

Branches:
Dungeon (2/15)

Altars:

Annotations:
D:2 Robin, Sigmund


Innate Abilities, Weirdness & Mutations

((You are very nimble when in or above water. (Stealth+, EV+, Speed+++)))
Your lower body shifts to a powerful aquatic tail in water.


Message History

HP restored.
You climb downwards.
Level annotation: Robin, Sigmund
There is a stone staircase leading up here.
You start waiting.
Sigmund is nearby!
You climb upwards.
There is a stone staircase leading down, spattered with blood here.
You climb downwards.
Level annotation: Robin, Sigmund Sigmund casts a spell at you.
You are confused.
There is a stone staircase leading up here.
You climb upwards.
There is a stone staircase leading down, spattered with blood here.
You start waiting.
You feel less confused.
You climb downwards.
Level annotation: Robin, Sigmund
There is a stone staircase leading up here.
Sigmund barely misses you.
You barely miss Sigmund. Sigmund casts a spell at you. The magic dart hits you.
Sigmund hits you with a +0 scythe!
You barely miss Sigmund. You closely miss Sigmund. Sigmund barely misses you.
You closely miss Sigmund.
Sigmund mumbles some strange words.
Sigmund flickers and vanishes!
Deactivating autopickup; reactivate with Ctrl-A.
You slash something! Something hits you but does no damage.
You barely miss something.
You hear some strange, mumbled words.
A magic dart appears from out of thin air!
The magic dart hits you.
You slash something! Something hits you!
* * * LOW HITPOINT WARNING * * *
You hit something. You closely miss something. Something hits you.
You die...

...................## #..........
.............##.#...###..........
..........##..)..................
..........###..#.......#.........
..........# ##.........#.........
..........# #.........#........#
...<....#.# #..[.........####...
.......##.## #............# #.#.
.###.......###..@{.......## #.##
## #.........)<...........####)#
.###.......##.†................#
.#.........###.........##.####...
...#.......# #.........# ..# #.##
...........# #.........# #..##.#
...........# #.........# #....#
##.........###..........# .?..#
##..........###.......#..# ...


There were no monsters in sight!

Vanquished Creatures
  Jessica (D:2)
  A worm (D:2)
  7 endoplasms
  6 giant cockroaches
  6 hobgoblins
  3 kobolds (D:1)
  2 quokkas (D:1)
  8 ball pythons
  4 bats
  3 frilled lizards
  9 goblins
  2 rats (D:1)
52 creatures vanquished.

Notes
Turn   | Place    | Note
-------+----------+-------------------------------------------
     0 | D:1      | fleeber the Merfolk Gladiator began the quest for the Orb.
     0 | D:1      | Reached XP level 1. HP: 16/16 MP: 1/1
   300 | D:1      | Reached skill level 4 in Long Blades
   397 | D:1      | Reached XP level 2. HP: 17/22 MP: 2/2
   547 | D:1      | Found a faded altar of an unknown god.
   711 | D:1      | Reached XP level 3. HP: 27/27 MP: 3/3
   751 | D:1      | Reached skill level 5 in Long Blades
  1298 | D:2      | Noticed Jessica
  1722 | D:2      | Noticed Robin
  1890 | D:2      | Reached XP level 4. HP: 33/33 MP: 4/4
  1927 | D:2      | Killed Jessica
  1928 | D:2      | Reached skill level 6 in Long Blades
  1953 | D:2      | Noticed Sigmund
  2125 | D:2      | Slain by Sigmund

Illustrated notes

Levels and vault maps discovered:
D:1:      matt_arrival_diagonals, layout_basic,
          chequers_ecumenical_altar_island, minmay_tromino_v7
D:2:      layout_rooms, basic_altar, uniq_sigmund, uniq_robin, uniq_jessica

Skill      XL: |  1  2  3  4 |
---------------+-------------+-----
Long Blades    | 4 5 6 |  6.2
Fighting       | |  2.1
Throwing       | |  2.0
Dodging        | |  4.0

Action                   |  1- 3 |  4- 6 || total
-------------------------+-------+-------++-------
Melee: Long sword        |   125 |    17 ||   142
 Stab: Sleeping          |     1 |       ||     1
Armor: Leather armour    |    55 |     5 ||    60
Dodge: Dodged            |   101 |    23 ||   124
